 Dungeon Crawl Stone Soup version 0.24.0-2-g5b39cebb1c (webtiles) character file.

Game seed: 16146721632895831506, levelgen mode: deterministic

154 Aviak the Skirmisher (level 5, -1/46 HPs)
             Began as a Hill Orc Wanderer on Oct 31, 2019.
             Was an Initiate of Qazlal.
             Slain by a river rat (7 damage)
             ... summoned by Eustachio
             ... on level 4 of the Dungeon.
             The game lasted 00:05:34 (4092 turns).

Aviak the Skirmisher (Hill Orc Wanderer)            Turns: 4092, Time: 00:05:35

Health: -1/46      AC:  3    Str: 14 (16) XL:     5   Next: 35%
Magic:  2/8        EV: 12    Int: 16 (18) God:    Qazlal [......]
Gold:   129        SH:  0    Dex:  9 (10) Spells: 5/8 levels left

rFire    + . .     SeeInvis .   c - +0 dagger (drain)
rCold    + . .     Gourm    .   (no shield)
rNeg     . . .     Faith    .   h - +0 leather armour
rPois    +         Spirit   .   (no helmet)
rElec    +         Reflect  .   (no cloak)
rCorr    +         Harm     .   (no gloves)
MR       .....                  (no boots)
Stlth    ..........             (no amulet)
HPRegen  0.15/turn              e - +6 ring of intelligence
MPRegen  0.11/turn              m - ring of attention (curse)

@: lethally poisoned (-1 -> -11), resistant
A: no striking features
a: Renounce Religion


You were on level 4 of the Dungeon.
You worshipped Qazlal.
Qazlal was noncommittal.
You were not hungry.

You visited 1 branch of the dungeon, and saw 4 of its levels.

You collected 129 gold pieces.

Inventory:

Hand Weapons
 a - a +0 club
 b - a +0 dagger
 c - a +0 dagger of draining (weapon)
 q - a +0 hand axe
Armour
 d - a +0 robe
 h - a +0 leather armour (worn)
Jewellery
 e - a +6 ring of intelligence (left hand)
 m - a cursed ring of attention (right hand)
Scrolls
 i - 3 scrolls of identify
 j - 4 scrolls of immolation
 n - a scroll of random uselessness {unknown}
 o - a scroll of amnesia {unknown}
 r - 3 scrolls of remove curse {unknown}
 t - 4 scrolls of teleportation
Potions
 g - a potion of degeneration {!q!q}
 k - a potion of flight
 l - a potion of resistance
Comestibles
 f - 3 rations


   Skills:
 + Level 3.7 Fighting
 + Level 1.6 Axes
 + Level 2.5 Dodging
 - Level 2.4 Spellcasting
 - Level 2.0 Conjurations
   Level 1.0 Summonings
   Level 1.0 Necromancy
   Level 1.0 Ice Magic
   Level 2.0 Evocations


You had 5 spell levels left.
You knew the following spells:

 Your Spells              Type           Power        Failure   Level  Hunger
a - Magic Dart            Conj           #...         11%         1    #......
b - Searing Ray           Conj           #.....       17%         2    ###....

Your spell library contained the following spells:

 Spells                   Type           Power        Failure   Level  Hunger
 Beastly Appendage        Tmut           #.....       26%         1    #......
 Dazzling Spray           Conj/Hex       #.....       45%         3    ###....
 Ignite Poison            Fire/Tmut/Pois #.......     58%         3    ###....
 Iskenderun's Mystic Bla  Conj           #.......     73%         4    #####..
 Force Lance              Conj/Tloc      #.......     86%         4    #####..
 Fulminant Prism          Conj/Hex       #.........   86%         4    #####..


Dungeon Overview and Level Annotations

Branches:
Dungeon (4/15)
 Temple: D:4-7

Altars:
Cheibriados
Fedhas
Okawaru
Qazlal

Annotations:
D:4 Eustachio


Message History

The river rat twitches its whiskers.
You feel protected.
You feel sick. The rat bites you. Eustachio hits you but does no damage.
You hit Eustachio.
Eustachio is heavily wounded.
You feel sick. The rat bites you but does no damage.
Eustachio gestures wildly while chanting.
Eustachio blinks!
You hit the rat but do no damage.
You feel sick. The rat bites you but does no damage.
The river rat closely misses you.
You closely miss the rat.
You feel sick. The rat completely misses you. The river rat bites you.
* * * LOW HITPOINT WARNING * * *
As you read the scroll labeled QEROAS ZEWNOAM, it crumbles to dust.
It is a scroll of identify.
j - 4 scrolls of immolation;
i - 3 scrolls of identify
c - a +0 dagger of draining (weapon)
* * * LOW HITPOINT WARNING * * *
You feel sick. The rat bites you but does no damage. The river rat bites you!
You die...

####.##.##########..#.##########
.............!.§..§.....5rr...>#
.....##.............#.########r##
.................................
###################.##########.##
...................... ......b...
############..#####.##########.#.
.......#####..#####.## .......<#.
...............r@rrr.# .######.#.
######.####...#####@..# #.#. ..#
#...# #.# #.#. #.# #...# .. #.#.
#.# #...# . #.#. #.# #...# #.#.
#.# #.... #.#. #.# #####. #.# #.#


You could see Eustachio, 2 river rats, a quokka and a rat.

Vanquished Creatures
  A worker ant (D:4)
  5 adders
  An ooze (D:4)
  A dart slug (D:1)
  3 leopard geckos
  3 orcs (D:3)
  A ball python (D:2)
  2 giant cockroaches (D:2)
  9 hobgoblins
  4 jackals (D:3)
  2 quokkas
  12 bats
  4 frilled lizards
  10 goblins
  6 kobolds
  9 rats
73 creatures vanquished.

Notes
Turn   | Place    | Note
-------+----------+-------------------------------------------
     0 | D:1      | Aviak the Hill Orc Wanderer began the quest for the Orb.
     0 | D:1      | Aviak set off with the following items: a +0 club, a +0
                  | robe, a ration, a scroll of teleportation; and the
                  | following spells available to memorise: Magic Dart, Searing
                  | Ray, Beastly Appendage, Dazzling Spray, Ignite Poison,
                  | Iskenderun's Mystic Blast, Force Lance, Fulminant Prism
     0 | D:1      | Reached XP level 1. HP: 14/14 MP: 3/3
   343 | D:1      | Reached skill level 1 in Fighting
   380 | D:1      | Reached XP level 2. HP: 10/23 MP: 5/5
   384 | D:1      | Learned a level 2 spell: Searing Ray
   705 | D:1      | Reached skill level 1 in Dodging
  1072 | D:1      | Reached skill level 2 in Fighting
  1103 | D:1      | Reached XP level 3. HP: 24/29 MP: 6/6
  1106 | D:1      | Learned a level 1 spell: Magic Dart
  1559 | D:2      | Found a blossoming altar of Fedhas.
  1787 | D:2      | Found a stormy altar of Qazlal.
  1845 | D:2      | Became a worshipper of Qazlal Stormbringer
  2007 | D:2      | Reached XP level 4. HP: 10/37 MP: 7/7
  2016 | D:2      | Reached skill level 3 in Fighting
  2926 | D:3      | Reached skill level 1 in Axes
  3144 | D:3      | Found a snail-covered altar of Cheibriados.
  3156 | D:3      | Reached XP level 5. HP: 45/45 MP: 8/8
  3194 | D:3      | Found an iron altar of Okawaru.
  3535 | D:4      | Noticed Eustachio
  4092 | D:4      | Slain by a river rat

Levels and vault maps discovered:
D:1:      sevenhm_arrival_forest_fort_large_3, layout_basic
D:2:      layout_rooms, grunt_qazlal_sundering, minmay_misc_feat_cross,
          fedhas_altar_3
D:3:      layout_basic, nicolae_overflow_crystal_walls, lemuel_doored_altar,
          serial_curves, eino_curves_02, eino_curves_02
D:4:      layout_basic, uniq_eustachio

Skill      XL: |  1  2  3  4 |
---------------+-------------+-----
Fighting       | 1 2 3 |  3.7
Dodging        | 1 2 |  2.5
Axes           | 1 |  1.6
Spellcasting   | |  2.4
Conjurations   | |  2.0
Summonings     | |  1.0
Necromancy     | |  1.0
Ice Magic      | |  1.0
Evocations     | |  2.0

Action                   |  1- 3 |  4- 6 || total
-------------------------+-------+-------++-------
Melee: Dagger            |   189 |   124 ||   313
       Club              |     3 |       ||     3
 Cast: Searing Ray       |     3 |     5 ||     8
  Use: Potion            |     3 |     3 ||     6
       Scroll            |       |     1 ||     1
  Eat: Chunk             |     4 |     5 ||     9
       Ration            |       |     1 ||     1
Armor: Robe              |    59 |       ||    59
       Leather armour    |    14 |    57 ||    71
       Skin              |       |     9 ||     9
Dodge: Dodged            |   160 |   117 ||   277
